 Dungeon Crawl Stone Soup version 0.20.0-15-g7f486f2 (webtiles) character file.

281 NoAnimeNoLife the Cudgeler (level 6, 0/37 HPs)
             Began as a Gargoyle Fighter on June 14, 2017.
             Slain by NoAnimeNoLife's ghost (4 damage)
             ... on level 3 of the Dungeon.
             The game lasted 00:02:45 (2405 turns).

NoAnimeNoLife the Cudgeler (Gargoyle Fighter)       Turns: 2405, Time: 00:02:46

Health: 0/37       AC: 10    Str: 20    XL:     6   Next: 27%
Magic:  6/6        EV:  8    Int:  8    God:
Gold:   172        SH:  9    Dex: 11    Spells: 5/5 levels left

rFire    . . .     SeeInvis .   a - +1 flail
rCold    . . .     Gourm    .   c - +0 shield
rNeg     + . .     Faith    .   r - +0 ring mail (curse)
rPois    ∞         Spirit   .   (no helmet)
rElec    +         Reflect  .   (no cloak)
rCorr    .         Harm     .   (no gloves)
MR       .....                  (no boots)
Stlth    +.........             (no amulet)
Regen    0.2/turn               (no ring)
MPRegen  0.1/turn               (no ring)

@: no status effects
A: negative energy resistance 1, electricity resistance, unbreathing,
petrification resistance, rot immunity, AC +4
a: no special abilities


You were on level 3 of the Dungeon.
You were not hungry.

You visited 1 branch of the dungeon, and saw 3 of its levels.

You collected 172 gold pieces.

Inventory:

Hand Weapons
 a - a +1 flail (weapon)
Missiles
 g - 85 stones (quivered)
Armour
 b - a +0 scale mail
 c - a +0 shield (worn)
 e - a +0 scale mail of fire resistance
 r - a cursed +0 ring mail (worn)
Scrolls
 h - 2 scrolls of blinking
 i - 4 scrolls of fear
 m - a scroll of remove curse {unknown}
Potions
 d - a potion of might
 k - a potion of brilliance {unknown}
 n - a potion of curing {unknown}
Comestibles
 f - 3 bread rations
 j - 5 chunks of flesh
 l - 3 royal jellies


   Skills:
 - Level 3.2 Fighting
 + Level 6.4 Maces & Flails
 - Level 3.2 Armour
 - Level 3.2 Shields


You had 5 spell levels left.
You didn't know any spells.

Dungeon Overview and Level Annotations

Branches:
Dungeon (3/15)

Altars:
Sif Muna

Annotations:
D:3 NoAnimeNoLife's ghost, amateur GrFi


Innate Abilities, Weirdness & Mutations

You are resistant to torment.
Your stone body is resilient. (AC +4)
You are immune to poison.
You resist negative energy. (rN+)
You are resistant to electric shocks. (rElec)
You can survive without breathing.
You are immune to petrification.
You are immune to rotting.


Message History

NoAnimeNoLife's ghost barely misses you.
You completely miss NoAnimeNoLife's ghost.
NoAnimeNoLife's ghost is heavily damaged.
NoAnimeNoLife's ghost closely misses you.
NoAnimeNoLife's ghost hits you.
* * * LOW HITPOINT WARNING * * *
You closely miss NoAnimeNoLife's ghost.
NoAnimeNoLife's ghost is heavily damaged.
NoAnimeNoLife's ghost hits you.
* * * LOW HITPOINT WARNING * * *
You hit NoAnimeNoLife's ghost.
NoAnimeNoLife's ghost is heavily damaged.
You block NoAnimeNoLife's ghost's attack.
You hit NoAnimeNoLife's ghost but do no damage.
NoAnimeNoLife's ghost is heavily damaged.
You block NoAnimeNoLife's ghost's attack.
You hit NoAnimeNoLife's ghost but do no damage.
NoAnimeNoLife's ghost is heavily damaged.
NoAnimeNoLife's ghost hits you.
You die...

##.....## #.###.###.#
##...## #.........#
##+# #####.##### #.#
#.# #.###########.#
##.##..........#
##...#.#######..#
#....W.# #..# ##...@#.#
#..#
..####....##.#######..#
.......÷......(.......#
############.#######.##
#.# #.# #.. ..# ####
###


You could see NoAnimeNoLife's ghost.

Vanquished Creatures
  A bullfrog (D:3)
  Jessica (D:3)
  8 gnolls
  4 adders
  An adder skeleton (D:2)
  3 dart slugs
  2 leopard geckos (D:2)
  6 orcs (D:3)
  A ball python (D:3)
  A bat zombie (D:2)
  5 giant cockroaches
  5 goblins
  3 hobgoblins (D:1)
  5 jackals
  2 kobolds (D:2)
  A ball python zombie (D:2)
  3 bats
  2 frilled lizards (D:2)
  5 rats
59 creatures vanquished.

Notes
Turn   | Place    | Note
-------+----------+-------------------------------------------
     0 | D:1      | NoAnimeNoLife the Gargoyle Fighter began the quest for the Orb.
     0 | D:1      | Reached XP level 1. HP: 14/14 MP: 1/1
   248 | D:1      | Reached XP level 2. HP: 11/19 MP: 2/2
   312 | D:1      | Reached skill level 3 in Maces & Flails
   667 | D:1      | Reached XP level 3. HP: 23/23 MP: 3/3
  1231 | D:2      | Reached skill level 4 in Maces & Flails
  1264 | D:2      | Reached XP level 4. HP: 28/28 MP: 4/4
  1707 | D:2      | Found a deep blue altar of Sif Muna.
  2047 | D:3      | Reached skill level 5 in Maces & Flails
  2071 | D:3      | Reached XP level 5. HP: 21/32 MP: 5/5
  2082 | D:3      | Noticed Jessica
  2096 | D:3      | Killed Jessica
  2260 | D:3      | Reached skill level 6 in Maces & Flails
  2260 | D:3      | Reached XP level 6. HP: 5/37 MP: 6/6
  2390 | D:3      | Noticed NoAnimeNoLife's ghost (amateur GrFi)
  2405 | D:3      | Slain by NoAnimeNoLife's ghost

Skill      XL: |  1  2  3  4  5 |
---------------+----------------+-----
Maces & Flails | 3 4 5 6 |  6.4
Fighting       | |  3.2
Armour         | |  3.2
Shields        | |  3.2

Action                   |  1- 3 |  4- 6 || total
-------------------------+-------+-------++-------
Melee: Flail             |   115 |   141 ||   256
  Use: Scroll            |       |     6 ||     6
  Eat: Chunk             |     1 |     4 ||     5
Armor: Scale mail        |    81 |    32 ||   113
       Ring mail         |       |    29 ||    29
Dodge: Dodged            |    53 |    53 ||   106
Block: Shield            |    72 |    70 ||   142
